 Dungeon Crawl Stone Soup version 0.30-a0-373-gd37427bb62 (webtiles) character file.

Game seed: 11902602333638533884

520525 KennySheep the Executioner (level 25, -5/372 HPs)
             Began as an Ogre Conjurer on Nov 21, 2022.
             Was a High Priest of Okawaru.
             Slain by a green draconian monk (8 damage)
             ... led by a green draconian monk
             ... on level 2 of the Realm of Zot on Nov 23, 2022.
             The game lasted 04:55:51 (87741 turns).

KennySheep the Executioner (Ogre Conjurer)         Turns: 87741, Time: 04:55:52

Health: -5/372     AC: 34    Str: 21    XL:     25   Next: 27%
Magic:  0/28       EV:  9    Int: 40    God:    Okawaru [*****.]
Gold:   1364       SH:  0    Dex:  8    Spells: 3/35 levels left

rFire   + . .      SeeInvis +    a - +5 Lochaber axe {reach-cleave, poleaxe, Drain}
rCold   + . .      Faith    .    (shield currently unavailable)
rNeg    . . .      Spirit   +    O - +8 shadow dragon scales of Ifuene {rC+ Slay+3 Stlth++++}
rPois   +          Reflect  .    G - +0 hat of the Past {rPois Will+ Dex+2}
rElec   +          Harm     .    T - +1 cloak of the Thistle {rPois Will+ Int+4}
rCorr   .          Rampage  .    (gloves unavailable)
Will    ++++.                    (boots unavailable)
Stlth   ..........               E - amulet "Laotom" {Spirit Fragile Int+3}
HPRegen 0.82/turn                f - ring of see invisible
MPRegen 0.21/turn                u - ring of Bokuogre {Fly rElec rPois rF+ Int+6}

@: berserking, lethally poisoned (-5 -> -6), heroic, flying, studying 4 skills,
very quick
A: large, unfitting armour, tough skin 1, iridescent scales 1, clever 1, frail
1, low MP 1, wild magic 1
}: 3/15 runes: serpentine, barnacled, abyssal
a: Renounce Religion, Heroism, Finesse, Duel


You were on level 2 of the Realm of Zot.
You worshipped Okawaru.
Okawaru was extremely pleased with you.
You visited 11 branches of the dungeon, and saw 45 of its levels.
You visited the Abyss 2 times.
You also visited: Ossuary, Ice Cave and Wizlab.

You collected 4945 gold pieces.
You spent 3581 gold pieces at shops.

Inventory:

Hand Weapons
 a - the +5 Lochaber axe (weapon) {reach-cleave, poleaxe, Drain}
   (You found it on level 6 of the Dungeon)

   It can be evoked to extend its reach, and strikes at all foes within reach,
   dealing less damage to those not targeted.
   It uses either Axes or Polearms skill, whichever is higher.
   Drain:     It drains your maximum health when unequipped.
 b - a +9 antimagic executioner's axe
Missiles
 d - 11 curare-tipped darts
 B - 72 large rocks (quivered)
 N - 16 silver javelins
 W - 19 javelins
 Y - 8 boomerangs of dispersal
Armour
 G - the +0 hat of the Past (worn) {rPois Will+ Dex+2}
   (Okawaru gifted it to you on level 4 of the Shoals)

   Dex:       It affects your dexterity (+2).
   rPois:     It protects you from poison.
   Will:      It increases your willpower.
 O - the +8 shadow dragon scales of Ifuene (worn) {rC+ Slay+3 Stlth++++}
   (Okawaru gifted it to you on level 3 of the Lair of Beasts)

   Slay:      It affects your accuracy & damage with ranged weapons and melee
   (+3).
   rC:        It protects you from cold.
   Stlth:     It makes you much more stealthy.
 T - the +1 cloak of the Thistle (worn) {rPois Will+ Int+4}
   (You bought it in a shop on level 2 of the Depths)

   Int:       It affects your intelligence (+4).
   rPois:     It protects you from poison.
   Will:      It increases your willpower.
Jewellery
 c - the ring of Cowardice {Will+ MP+9 Slay+3}
   (You took it off a deep elf master archer on level 3 of the Elven Halls)

   [ring of magical power]

   Slay:      It affects your accuracy & damage with ranged weapons and melee
   (+3).
   MP:        It affects your magic capacity (+9).
   Will:      It increases your willpower.
 f - a ring of see invisible (left hand)
 s - a ring of resist corrosion
 u - the ring of Bokuogre (right hand) {Fly rElec rPois rF+ Int+6}
   (You acquired it on level 3 of the Elven Halls)

   [ring of intelligence]

   Int:       It affects your intelligence (+6).
   rF:        It protects you from fire.
   rElec:     It insulates you from electricity.
   rPois:     It protects you from poison.
   Fly:       It grants you flight.
 E - the amulet "Laotom" (around neck) {Spirit Fragile Int+3}
   (You took it off a merfolk impaler on level 1 of the Shoals)

   [amulet of guardian spirit]

   It causes incoming damage to be divided between your reserves of health and
   magic.
   Int:       It affects your intelligence (+3).
   Fragile:   It will be destroyed if unequipped.
 H - a ring of positive energy
Wands
 n - a wand of acid (25)
 o - a wand of mindburst (20)
 D - a wand of paralysis (8)
 F - a wand of digging (2)
 Q - a wand of flame (24)
 U - a wand of roots (20)
 Z - a wand of polymorph (3)
Scrolls
 e - 7 scrolls of blinking
 h - 3 scrolls of amnesia
 m - a scroll of enchant weapon
 p - 3 scrolls of brand weapon
 r - 6 scrolls of immolation
 w - 20 scrolls of teleportation
 y - a scroll of magic mapping
 J - 10 scrolls of poison
 K - 2 scrolls of silence
 M - 5 scrolls of fear
Potions
 g - 19 potions of curing
 i - 7 potions of might
 k - 3 potions of invisibility
 l - 5 potions of ambrosia
 t - 3 potions of mutation
 v - 6 potions of cancellation
 A - 4 potions of resistance
 C - 4 potions of brilliance
 L - 6 potions of berserk rage
 R - 6 potions of magic


   Skills:
 - Level 20.9(25.9) Fighting
 - Level 22.8(27) Axes
 * Level 21.1(26.1) Throwing
 - Level 13.9(18.9) Armour
 - Level 8.5(13.5) Dodging
 - Level 2.8(7.8) Stealth
 - Level 3.4(8.4) Unarmed Combat
 - Level 5.6 Spellcasting
 - Level 9.3 Conjurations
 + Level 7.7 Hexes
 - Level 12.6 Translocations
 - Level 3.4 Transmutations
 + Level 7.3 Air Magic
 - Level 10.3 Invocations


You had 3 spell levels left.
You knew the following spells:

 Your Spells              Type           Power      Damage    Failure   Level
a - Manifold Assault      Tloc           98%        N/A       1%          4
b - Searing Ray           Conj           100%       2d8       1%          2
c - Iskenderun's Mystic   Conj/Tloc      91%        2d18      2%          4
d - Vhi's Electric Charg  Tloc/Air       100%       N/A       1%          3
e - Summon Small Mammal   Summ           56%        N/A       17%         1
f - Blink                 Tloc           100%       N/A       1%          2
g - Passage of Golubria   Tloc           98%        N/A       1%          4
h - Call Canine Familiar  Summ           14%        N/A       43%         3
i - Magic Dart            Conj           100%       1d8       1%          1
j - Silence               Hex/Air        37%        N/A       21%         5
z - Portal Projectile     Hex/Tloc       100%       N/A       1%          3

Your spell library contained the following spells:

 Spells                   Type           Power      Damage    Failure   Level
 Momentum Strike          Conj/Tloc      100%       3d10      1%          2
 Static Discharge         Conj/Air       100%       2-7/arc   1%          2
 Gell's Gravitas          Tloc           98%        N/A       1%          3
 Lesser Beckoning         Tloc           100%       N/A       1%          3
 Dazzling Flash           Conj/Hex       100%       N/A       2%          3
 Swiftness                Air            74%        N/A       3%          3
 Kindle Blastsparks       Fire/Tloc/Air  100%       2d18      4%          3
 Ensorcelled Hibernation  Hex/Ice        100%       N/A       6%          2
 Poisonous Vapours        Pois/Air       100%       N/A       6%          2
 Mephitic Cloud           Conj/Pois/Air  64%        N/A       6%          3
 Hailstorm                Conj/Ice       59%        3d13      8%          3
 Stone Arrow              Conj/Erth      100%       3d13      8%          3
 Sting                    Tmut/Pois      100%       1d8       9%          1
 Cigotuvi's Dreadful Rot  Necr/Pois/Air  80%        N/A       10%         2
 Inner Flame              Hex/Fire       53%        N/A       11%         3
 Passwall                 Tmut/Erth      26%        N/A       13%         2
 Freeze                   Ice            56%        1d7       17%         1
 Necrotise                Necr           56%        1d6       17%         1
 Sandblast                Erth           28%        2d8       17%         1
 Scorch                   Fire           28%        2d6       24%         2
 Ignite Poison            Fire/Tmut/Pois 26%        N/A       30%         3
 Frozen Ramparts          Ice            28%        1d5       43%         3
 Ozocubu's Armour         Ice            14%        N/A       43%         3
 Vampiric Draining        Necr           14%        2d7       43%         3
 Fulminant Prism          Conj/Hex       40%        3d19      5%          4
 Cause Fear               Hex            38%        N/A       8%          4
 Airstrike                Air            37%        2d(6-22)  9%          4
 Iskenderun's Battlesphe  Conj           84%        2d13      11%         5
 Arcjolt                  Conj/Air       40%        1d50      14%         5
 Lightning Bolt           Conj/Air       40%        1d59      14%         5
 Dispersal                Tloc           49%        N/A       14%         6
 Flame Wave               Conj/Fire      59%        2d14      22%         4
 Sticky Flame             Conj/Fire      59%        2d7       22%         4
 Freezing Cloud           Conj/Ice/Air   32%        6-21      41%         5
 Yara's Violent Unravell  Hex/Tmut       32%        3d13      41%         5
 Ice Form                 Ice/Tmut       32%        N/A       58%         4
 Petrify                  Tmut/Erth      32%        N/A       58%         4
 Conjure Ball Lightning   Conj/Air       40%        3x3d13    58%         6
 Metabolic Englaciation   Hex/Ice        26%        N/A       63%         5
 Blade Hands              Tmut           25%        N/A       67%         5
 Olgreb's Toxic Radiance  Pois           14%        N/A       82%         4
 Alistair's Intoxication  Tmut/Pois      21%        N/A       88%         5
 Iron Shot                Conj/Erth      29%        9d6       96%         6
 Agony                    Necr           14%        N/A       98%         5
 Borgnjor's Vile Clutch   Necr/Erth      7%         N/A       98%         5
 Disjunction              Tloc           49%        N/A       99%         8
 Eringya's Noxious Bog    Tmut/Pois      16%        N/A       100%        6
 Statue Form              Tmut/Erth      21%        N/A       100%        6
 Dragon Form              Tmut           25%        N/A       100%        7
 Discord                  Hex            38%        N/A       100%        8
 Lehudib's Crystal Spear  Conj/Erth      29%        10d8      100%        8
 Tukima's Dance           Hex            Unusable   N/A       N/A         3
 Summon Guardian Golem    Hex/Summ       Unusable   N/A       N/A         3
 Summon Lightning Spire   Summ/Air       Unusable   N/A       N/A         4
 Summon Forest            Summ/Tloc      Unusable   N/A       N/A         5
 Summon Ice Beast         Ice/Summ       Unusable   N/A       N/A         4
 Simulacrum               Ice/Necr       Unusable   N/A       N/A         6
 Summon Cactus Giant      Summ           Unusable   N/A       N/A         6
 Malign Gateway           Summ/Tloc      Unusable   N/A       N/A         7
 Spellforged Servitor     Conj/Summ      Unusable   N/A       N/A         7
 Dragon's Call            Summ           Unusable   N/A       N/A         9

Dungeon Overview and Level Annotations

Branches:
Dungeon (15/15)            Temple (1/1) D:7            Lair (5/5) D:9
 Shoals (4/4) Lair:3        Snake (4/4) Lair:2        Slime (1/5) Lair:4
    Orc (2/2) D:11            Elf (3/3) Orc:2        Vaults (4/5) D:14
  Crypt (0/3) Vaults:2     Depths (4/4) D:15            Zot (2/5) Depths:4
Ossuary (visited)           IceCv (visited)          WizLab (visited)

Altars:
Ashenzari
Cheibriados
Dithmenos
Elyvilon
Fedhas
Gozag
Hepliaklqana
Kikubaaqudgha
Makhleb
Nemelex Xobeh
Okawaru
Qazlal
Ru
Sif Muna
Trog
Uskayaw
Vehumet
Wu Jian
Xom
Yredelemnul
Zin
The Shining One
Jiyva

Shops:
D:2 :   Orc:2 [(!(   Elf:3 *   Shoals:3 =   Snake:2 :   Vaults:4 *
Depths:2 [!

Portals:
Hell: Depths:1 Depths:2 Depths:3 Depths:4
Abyss: Depths:3 Depths:4
Pandemonium: Depths:1 Depths:2 Depths:3
Ziggurat: Depths:4

Annotations:
Lair:2 exclusion: oklob plant
Snake:4 2 transporters, koil's ghost, adept TrBe
Elf:1 1 runed translucent door
Depths:1 1 transporter, Ydiegh's ghost, veteran SpVM
Depths:3 exclusion: 2 doors


Innate Abilities, Weirdness & Mutations

You are too large for most types of armour.
You have tough skin. (AC +1)
You are partially covered in iridescent scales. (AC +2)
Your mind is acute. (Int +4, Str/Dex -1)
You are frail. (-10% HP)
Your magical capacity is low. (-10% MP)
Your spells are a little harder to cast, but a little more powerful.


Message History

You hear a roar!
The quicksilver dragon bites you but does no damage.
The quicksilver dragon barely misses you.
You hear a roar!
You hear a deafening roar!
You hit the quicksilver dragon.
The quicksilver dragon is almost dead.
You slice the green draconian monk!!
You feel sick.
You slice the quicksilver dragon like a ripe choko!!!
You kill the quicksilver dragon!
Okawaru accepts your kill.
You completely miss the green draconian monk.
You feel sick.
A yellow draconian comes into view. It is wielding a +0 mace.
You are too berserk!
Unknown command.
You barely miss the green draconian monk.
The green draconian monk is lightly wounded.
You open the yellow draconian like a pillowcase!!!
You chop the green draconian monk into pieces!!!!
The green draconian monk is severely wounded.
You slice the yellow draconian!!
You feel sick.
You hear a roar!
The green draconian monk closely misses you. x2
The green draconian monk tail-slaps you.
* * * LOW HITPOINT WARNING * * *
The green draconian monk tail-slaps you but does no damage.
You closely miss the green draconian monk.
The green draconian monk is severely wounded.
You closely miss the yellow draconian.
You are too berserk!
Unknown command.
You miss the green draconian monk.
The green draconian monk is severely wounded.
You slash the yellow draconian!
You kill the yellow draconian!
Okawaru accepts your kill.
The green draconian monk hits you but does no damage.
The green draconian monk kicks you but does no damage.
The green draconian monk tail-slaps you!
You die...

##### #######☼§.#######
##.☼○..☼§☼.......###
##..##.☼#####.......#
##..#..### #...#####.
##..##q@.#####...####.
##..##..)..............
##.###..##).............
#.#.#..##.##############
##....##.# ###
##...#.#.# . ..#
####...###.# .. ..
##....####.... #. .
##....## .. ... #.##


You could see a green draconian monk.

Vanquished Creatures
  A dread lich (Vaults:2)
  Mara (Shoals:4)
  A juggernaut (Depths:4)
  Josephina (Depths:4)
  Vashnia (Snake:4)
  Xtahua (Depths:4)
  Frederick (Depths:2)
  Bai Suzhen (Shoals:3)
  2 golden dragons
  Nikola (Elf:1)
  2 bone dragons
  Jorgrun (D:13)
  2 tentacled monstrosities
  A Hell Sentinel (Abyss:3)
  3 liches
  2 quicksilver dragons
  2 deep elf blademasters
  A walking frostbound tome (Depths:3)
  A deep elf master archer (Elf:3)
  A kraken (Abyss:3)
  5 sphinxes
  3 Executioners (Abyss:3)
  A death cob (Zot:1)
  Gastronok (Lair:3)
  Polyphemus (Shoals:4)
  5 tentacled starspawn
  Kirke (Elf:1)
  An ancient champion (Vaults:2)
  3 tengu reavers
  4 shadow dragons
  7 storm dragons
  Ilsuiw (Shoals:4)
  Donald (Orc:2)
  4 nagarajas
  6 fire giants
  2 draconian knights
  A draconian monk (Zot:2)
  7 frost giants
  5 deep elf sorcerers
  An emperor scorpion (D:15)
  The ghost of BlueFish the Covert, an adept OpWr of Cheibriados (Snake:2)
  8 vault wardens
  Aizul (Snake:2)
  2 iron dragons
  An angel (WizLab)
  4 spectral caustic shrikes (Depths:4)
  A balrug (Abyss:3)
  2 cacodemons
  8 stone giants
  4 draconian stormcallers (Depths:4)
  A spriggan defender (Depths:3)
  2 draconian shifters
  5 deep elf elementalists (Elf:3)
  A war gargoyle (Vaults:4)
  3 orc warlords
  2 draconian annihilators
  8 ironbound preservers
  5 ironbound thunderhulks
  3 vampire knights
  3 green draconians
  24 very ugly things
  33 dire elephants
  2 black draconians
  2 yellow draconians
  7 deep elf demonologists
  4 red draconians
  13 deep elf annihilators
  A lorocyproca (Abyss:3)
  2 white draconians
  6 spark wasps (Depths:4)
  6 statues (Depths:2)
  3 purple draconians
  7 merfolk javelineers
  4 deep elf death magi (Elf:3)
  A crystal guardian (Vaults:4)
  Snorg (D:10)
  8 yaktaur captains
  3 jiangshi (Depths:1)
  3 deep elf high priests (Elf:3)
  12 merfolk impalers
  7 ettins
  7 great orbs of eyes
  5 rakshasas
  An entropy weaver (Vaults:3)
  5 ice dragons
  8 fire dragons
  Fannar (D:10)
  7 hydras
  6 vault guards
  6 salamander tyrants
  A peacekeeper (Vaults:4)
  3 spriggan air magi
  The ghost of qeuew the Skirmisher, a journeyman GnHu of Dithmenos (D:10)
  4 catoblepae
  6 merfolk avatars
  8 ironbound frosthearts
  A juggernaut simulacrum (Depths:4)
  A hell beast (Depths:1)
  13 anacondas
  2 death knights
  24 dancing weapons
  16 centaur warriors
  8 boulder beetles
  10 merfolk aquamancers
  2 satyrs
  10 death yaks
  4 two-headed ogres
  8 naga warriors
  A hell hog (Abyss:3)
  8 tengu warriors
  2 deep troll earth magi
  10 thrashing horrors (Abyss:3)
  4 vampire magi
  3 sun demons
  5 shock serpents
  7 orc high priests
  4 spriggan berserkers
  20 naga sharpshooters
  6 hell knights (Depths:3)
  10 deep elf knights
  8 salamander mystics
  A shadow wraith (Abyss:3)
  3 wretched stars (Abyss:3)
  14 large abominations (Abyss:3)
  3 soul eaters
  A sixfirhy (Abyss:3)
  10 sea snakes
  A spatial maelstrom (Abyss:3)
  4 skeletal warriors
  28 deep trolls
  5 glowing orange brains
  7 starcursed masses (Abyss:3)
  8 deep elf archers
  A flayed ghost (Abyss:3)
  2 kraken simulacra
  4 naga ritualists
  6 lindwurms
  An obsidian statue (WizLab)
  7 wizards
  7 orc knights
  An anaconda skeleton (WizLab)
  A sphinx zombie (Depths:1)
  26 harpies
  4 orc sorcerers
  3 phantasmal warriors
  2 necromancers
  22 deep elf zephyrmancers
  10 ironbound convokers
  8 fauns
  9 salamanders
  26 deep elf pyromancers
  A shining eye (Depths:4)
  15 mana vipers
  A will-o-the-wisp (Abyss:3)
  16 manticores
  2 draconians (Abyss:3)
  13 cyclopes
  33 ugly things
  6 elephants (Lair:5)
  3 worldbinders
  7 moths of wrath
  5 vault sentinels
  An ice statue (IceCv)
  A stone giant skeleton (Depths:1)
  A rust devil (Depths:1)
  An apocalypse crab (Abyss:3)
  18 naga magi
  40 black mambas
  6 guardian serpents
  9 merfolk sirens
  2 smoke demons
  Maggie (D:8)
  2 torpor snails
  7 orange demons
  7 water nymphs
  A gargoyle (D:13)
  A cane toad (shapeshifter) (D:14)
  7 cane toads
  2 eyes of devastation (Depths:4)
  9 komodo dragons
  An efreet (D:15)
  A demonspawn skeleton (WizLab)
  A rime drake (shapeshifter) (D:13)
  25 yaktaurs
  8 tengu conjurers
  4 ice devils
  5 rime drakes
  6 freezing wraiths
  A demonic crawler (Abyss:3)
  3 hellwings
  27 merfolk
  12 polar bears
  2 ancient zymes
  A yaktaur skeleton (WizLab)
  A meliai (D:12)
  A tengu simulacrum (Depths:4)
  4 wind drakes
  A shadow dragon simulacrum (Depths:4)
  5 hornets
  24 slime creatures
  8 trolls
  A sphinx simulacrum (Depths:4)
  A blink frog (shapeshifter) (D:15)
  Grinder (D:6)
  5 dream sheep
  28 blink frogs
  6 raiju
  A culicivora (shapeshifter) (D:14)
  8 snapping turtles
  4 spriggans
  5 small abominations
  4 ynoxinuls
  7 wraiths
  2 fire elementals
  2 shadows
  3 air elementals (Elf:1)
  4 wyverns
  Eustachio (D:5)
  5 humans (Elf:1)
  12 water elementals
  2 hogs (Elf:1)
  71 yaks
  A vampire (D:10)
  3 fire bats (Abyss:3)
  A golden eye (Abyss:3)
  3 alligator snapping turtle simulacra (Shoals:3)
  4 basilisks
  3 neqoxecs (Abyss:3)
  3 chaos spawn
  2 steam dragons
  5 spatial vortices
  A death yak simulacrum (Shoals:3)
  4 vampire mosquitoes (D:12)
  2 sea snake simulacra (Shoals:3)
  Menkaure (D:4)
  2 harpy simulacra (Shoals:3)
  An acid dragon (D:13)
  46 nagas
  2 two-headed ogre zombies (D:11)
  Edmund (D:6)
  A glowing shapeshifter zombie (Depths:1)
  2 wargs
  17 water moccasins
  Duvessa (D:5)
  A floating eye (Depths:1)
  A glowing shapeshifter skeleton (WizLab)
  55 orc warriors
  2 sky beasts
  A human skeleton (Depths:1)
  A black bear (D:7)
  2 satyr simulacra (Shoals:3)
  34 wolves
  10 centaurs
  14 ogres
  4 phantoms
  2 kobold brigands
  10 bullfrogs
  A necrophage (D:4)
  4 earth elementals
  A gnoll sergeant (D:10)
  3 merfolk simulacra (Shoals:3)
  11 scorpions
  3 faun simulacra (Shoals:3)
  3 water moccasin zombies (Ossuary)
  10 wights
  Dowan (D:5)
  6 killer bees (D:7)
  A manticore simulacrum (Shoals:3)
  2 snapping turtle simulacra (Shoals:3)
  3 electric eels (Lair:4)
  3 howler monkeys
  4 crimson imps (D:11)
  2 hounds (D:6)
  30 orc priests
  A cyclops simulacrum (Shoals:3)
  A jelly (D:7)
  Crazy Yiuf (D:6)
  2 iguanas (D:4)
  20 orc wizards
  3 centaur simulacra (Shoals:3)
  6 ogre zombies (D:11)
  A boggart simulacrum (D:14)
  2 mummies (Ossuary)
  Robin (D:4)
  7 gnolls
  5 adders
  A white imp (D:7)
  3 ufetubi
  6 adder zombies (Ossuary)
  4 worms
  123 orcs
  A bat (D:1)
  8 endoplasms
  2 giant cockroaches (D:4)
  5 gnoll zombies (Ossuary)
  20 goblins
  8 hobgoblins
  3 jackals
  15 kobolds
  A quokka (D:4)
  4 ball pythons
  3 frilled lizards
  A goblin skeleton (D:11)
  A goblin zombie (D:11)
  5 hobgoblin skeletons (D:11)
  8 hobgoblin zombies
  5 kobold zombies (Ossuary)
  3 orc skeletons (D:11)
  16 orc zombies
  4 rats
  A bush (D:14)
  7 starspawn tentacles
  6 tentacles
1959 creatures vanquished.

Vanquished Creatures (others)
  An eldritch tentacle (WizLab)
  3 deep elf knights
  A deep elf zephyrmancer (Elf:2)
  A naga mage (Snake:1)
  A tengu conjurer (Depths:2)
  An air elemental (Elf:2)
  4 water elementals (Elf:2)
  A golden eye (Abyss:3)
  19 ball lightnings (Elf:2)
  29 fungi
  301 plants
  8 starspawn tentacles
  7 tentacles
377 creatures vanquished.

Grand Total: 2336 creatures vanquished

Notes
Turn   | Place    | Note
-------+----------+-------------------------------------------
     0 | D:1      | KennySheep the Ogre Conjurer began the quest for the Orb.
     0 | D:1      | Reached XP level 1. HP: 16/16 MP: 3/3
    70 | D:1      | You fall into a shaft and drop 1 floor!
   220 | D:2      | Reached XP level 2. HP: 24/24 MP: 2/5
   442 | D:1      | Reached skill level 1 in Translocations
   614 | D:1      | Learned a level 2 spell: Searing Ray
  1136 | D:2      | Found Netifauli's Book Shoppe.
  1485 | D:3      | Noticed a scorpion
  1565 | D:2      | Reached XP level 3. HP: 31/31 MP: 1/7
  2542 | D:3      | Killed a scorpion
  2543 | D:3      | Reached XP level 4. HP: 35/39 MP: 4/8
  2589 | D:3      | Reached XP level 5. HP: 45/45 MP: 5/9
  2679 | D:3      | Learned a level 4 spell: Iskenderun's Mystic Blast
  3100 | D:4      | Found a sparkling altar of Nemelex Xobeh.
  3106 | D:4      | Noticed Menkaure
  3108 | D:4      | HP: 1/43 [Menkaure (21)]
  3149 | D:4      | Noticed Robin
  3153 | D:5      | Entered Level 5 of the Dungeon
  3156 | D:5      | Reached XP level 6. HP: 16/52 MP: 7/11
  3257 | D:5      | Noticed Eustachio
  3267 | D:5      | Killed Eustachio
  3268 | D:5      | Reached skill level 5 in Conjurations
  3329 | D:5      | Reached XP level 7. HP: 35/59 MP: 8/13
  3365 | D:5      | Found a sand-covered staircase.
  3372 | Ossuary  | Entered an ossuary
  3823 | D:5      | Reached skill level 1 in Fighting
  3823 | D:5      | Reached skill level 1 in Unarmed Combat
  3823 | D:5      | Reached skill level 1 in Transmutations
  3892 | D:5      | Noticed Duvessa
  3989 | D:5      | Found a glowing silver altar of Zin.
  4002 | D:5      | Reached XP level 8. HP: 63/70 MP: 2/15
  4031 | D:5      | Learned a level 5 spell: Blade Hands
  4075 | D:5      | Noticed Dowan
  4395 | D:6      | Reached skill level 5 in Translocations
  4440 | D:6      | Reached skill level 5 in Spellcasting
  4596 | D:6      | Found a runed translucent door.
  4597 | D:6      | Noticed Crazy Yiuf
  4597 | D:6      | Noticed Edmund
  4657 | D:6      | Noticed Grinder
  4666 | D:6      | Killed Grinder
  4677 | D:6      | Reached XP level 9. HP: 69/83 MP: 3/17
  4810 | D:6      | Found the +5 Lochaber axe {reach-cleave, poleaxe, Drain}
  5136 | D:4      | Identified the +6 whip of the Wraith {freeze, Int+2}
  5195 | D:4      | Reached skill level 1 in Axes
  5251 | D:2      | Bought a book of Callings for 200 gold pieces
  5255 | D:2      | Learned a level 3 spell: Call Canine Familiar
  5257 | D:2      | Learned a level 1 spell: Summon Small Mammal
  5308 | D:4      | Killed Robin
  5394 | D:4      | Killed Menkaure
  5601 | D:4      | Found a hazy altar of Hepliaklqana.
  6560 | D:6      | Reached skill level 2 in Axes
  7182 | D:6      | Killed Crazy Yiuf
  7219 | D:6      | Killed Edmund
  7590 | D:7      | Reached skill level 3 in Axes
  7868 | D:7      | Found a staircase to the Ecumenical Temple.
  7935 | Temple   | Entered the Ecumenical Temple
  8124 | Temple   | Became a worshipper of Warmaster Okawaru
  8380 | D:7      | Reached skill level 5 in Fighting
  8380 | D:7      | Reached XP level 10. HP: 39/96 MP: 13/18
  8381 | D:7      | Reached skill level 4 in Axes
  8381 | D:7      | Reached skill level 1 in Invocations
  8736 | D:8      | Noticed Maggie
  8756 | D:8      | Killed Maggie
  8756 | D:8      | Reached * piety under Okawaru
  9260 | D:8      | Reached skill level 5 in Axes
  9957 | D:9      | Found a staircase to the Lair.
 10019 | D:9      | Reached ** piety under Okawaru
 10483 | D:10     | Entered Level 10 of the Dungeon
 10488 | D:10     | Noticed Snorg
 10524 | Lair:1   | Entered Level 1 of the Lair of Beasts
 10571 | Lair:1   | Reached skill level 6 in Axes
 10571 | Lair:1   | Reached skill level 5 in Dodging
 10594 | Lair:1   | Reached *** piety under Okawaru
 10818 | Lair:1   | Reached XP level 11. HP: 51/109 MP: 3/19
 10824 | Lair:1   | Reached skill level 7 in Axes
 11040 | Lair:1   | Identified a scroll of acquirement
 11041 | Lair:1   | Acquired the ring of Bevvegy {*Corrode rPois Str+6 Int-4
                  | Stlth+}
 11092 | Lair:1   | Reached **** piety under Okawaru
 11395 | Lair:1   | You fall into a shaft and drop 1 floor!
 11421 | Lair:2   | Reached skill level 5 in Invocations
 11753 | Lair:2   | Found a staircase to the Snake Pit.
 11771 | Lair:2   | Reached skill level 8 in Axes
 12020 | Lair:2   | Reached ***** piety under Okawaru
 12116 | Lair:2   | Identified the +6 broad axe of Cruel Justice {vorpal, rF+
                  | rN+ Will+ Stlth-} (Okawaru gifted it to you on level 2 of
                  | the Lair of Beasts)
 12116 | Lair:2   | Received a gift from Okawaru
 12273 | Lair:2   | Found a sacrificial altar of Ru.
 12273 | Lair:2   | Noticed an oklob plant
 13252 | Lair:3   | Reached skill level 9 in Axes
 13319 | Lair:3   | Noticed a seven-headed hydra
 13335 | Lair:3   | Killed an eight-headed hydra
 13336 | Lair:3   | Reached XP level 12. HP: 123/123 MP: 1/20
 13453 | Lair:3   | Found a staircase to the Shoals.
 13680 | Lair:3   | Noticed a seven-headed hydra
 13757 | Lair:3   | Killed an eight-headed hydra
 13971 | Lair:3   | Noticed a six-headed hydra
 13990 | Lair:3   | Reached skill level 10 in Axes
 13990 | Lair:3   | Killed a six-headed hydra
 13991 | Lair:3   | Reached skill level 10 in Fighting
 14600 | Lair:3   | Noticed Gastronok
 14675 | Lair:3   | Identified the +8 shadow dragon scales of Ifuene {rC+
                  | Slay+3 Stlth++++} (Okawaru gifted it to you on level 3 of
                  | the Lair of Beasts)
 14675 | Lair:3   | Received a gift from Okawaru
 14834 | Lair:3   | Killed Gastronok
 14890 | Lair:3   | Reached skill level 1 in Armour
 15458 | Lair:4   | Noticed a boulder beetle
 15471 | Lair:4   | Found a hide-covered altar of Uskayaw.
 15473 | Lair:4   | Found an ornate altar of the Wu Jian Council.
 15485 | Lair:4   | Killed a boulder beetle
 15758 | Lair:4   | Reached skill level 11 in Axes
 15770 | Lair:4   | Reached skill level 13 in Axes
 15770 | Lair:4   | Reached XP level 13. HP: 89/136 MP: 21/21
 15771 | Lair:4   | Reached skill level 14 in Axes
 15771 | Lair:4   | Reached XP level 14. HP: 95/144 MP: 22/22
 16008 | Lair:4   | Identified the +2 leather armour of Xaghett {rC+ Str+3}
 16579 | Lair:4   | Found a viscous altar of Jiyva.
 16580 | Lair:4   | Found a staircase to the Slime Pits.
 16764 | Lair:5   | Entered Level 5 of the Lair of Beasts
 16888 | Lair:5   | Reached XP level 15. HP: 93/153 MP: 12/23
 16957 | Lair:5   | Reached skill level 15 in Axes
 17831 | Lair:5   | Received a gift from Okawaru
 20039 | D:10     | Noticed qeuew's ghost (journeyman GnHu)
 20040 | D:10     | Found a runed translucent door.
 20146 | D:10     | Killed qeuew's ghost
 20391 | D:10     | Reached ****** piety under Okawaru
 20585 | D:11     | Found a frozen archway.
 20769 | IceCv    | Entered an ice cave
 20896 | IceCv    | Received a gift from Okawaru
 20901 | IceCv    | Reached skill level 16 in Axes
 21974 | IceCv    | Noticed a frost giant
 21993 | IceCv    | Killed a frost giant
 22166 | IceCv    | Got Sif Muna's Secrets of Ensorcelling
 22505 | D:11     | Found a staircase to the Orcish Mines.
 22812 | D:11     | Reached skill level 5 in Armour
 22930 | D:11     | Received a gift from Okawaru
 23277 | D:11     | Found a shimmering altar of Xom.
 23414 | Orc:1    | Entered Level 1 of the Orcish Mines
 23424 | Orc:1    | Reached skill level 1 in Throwing
 23818 | Orc:2    | Entered Level 2 of the Orcish Mines
 23820 | Orc:2    | Reached XP level 16. HP: 167/167 MP: 24/24
 23956 | Orc:2    | Noticed Donald
 23961 | Orc:2    | Killed Donald
 24993 | Orc:2    | Found Hodgheuw's Weapon Emporium.
 25596 | Orc:2    | Found Vawn's Antique Armour Emporium.
 25604 | Orc:2    | Received a gift from Okawaru
 25623 | Orc:2    | Bought a runed scarf for 288 gold pieces
 25623 | Orc:2    | Bought a glowing scarf for 288 gold pieces
 25670 | Orc:2    | Found Usev's Weapon Shoppe.
 25843 | Orc:2    | Found a staircase to the Elven Halls.
 26096 | Orc:2    | Found Vuusyos's Distillery.
 26162 | Orc:2    | Bought a potion of invisibility for 112 gold pieces
 26162 | Orc:2    | Bought a potion of heal wounds for 70 gold pieces
 29662 | D:13     | Noticed Jorgrun
 29676 | D:13     | Killed Jorgrun
 29933 | D:13     | Identified the +4 helmet of Miny {-Tele rElec Str+3}
 30343 | D:14     | Found a gate to the Vaults.
 30351 | D:14     | Identified the +5 giant club "Giantbane" {spect, Fragile
                  | rC+ rN++ Dex+4} (Okawaru gifted it to you on level 14 of
                  | the Dungeon)
 30351 | D:14     | Received a gift from Okawaru
 31182 | D:14     | Identified the +7 war axe of Zuuxuop {flame, Fly rF+}
 31278 | D:15     | Entered Level 15 of the Dungeon
 31565 | D:15     | Reached XP level 17. HP: 111/179 MP: 19/25
 31976 | D:15     | Received a gift from Okawaru
 32240 | D:15     | Reached skill level 17 in Axes
 33439 | D:15     | Found a staircase to the Depths.
 33466 | D:15     | Reached skill level 5 in Throwing
 34266 | Snake:1  | Entered Level 1 of the Snake Pit
 34763 | Snake:1  | Received a gift from Okawaru
 36072 | Snake:2  | Noticed Aizul
 36090 | Snake:2  | Killed Aizul
 36370 | Snake:2  | Received a gift from Okawaru
 37910 | Snake:2  | Found Xualyl's Vocational Training.
 37934 | Snake:2  | Bought a manual of Invocations for 1280 gold pieces
 37950 | Snake:2  | Noticed BlueFish's ghost (adept OpWr)
 38305 | Elf:1    | Entered Level 1 of the Elven Halls
 38305 | Elf:1    | Found a runed translucent gate.
 38305 | Elf:1    | Found a runed translucent gate.
 38305 | Elf:1    | Found a runed translucent gate.
 38305 | Elf:1    | Found a runed translucent gate.
 38305 | Elf:1    | Found a runed translucent gate.
 38305 | Elf:1    | Found a runed translucent gate.
 38498 | Shoals:1 | Entered Level 1 of the Shoals
 38564 | Shoals:1 | HP: 7/182 [water elemental[a merfolk aquamancer] (12)]
 38565 | Shoals:1 | HP: 3/273 [water elemental[a merfolk aquamancer] (2)]
 39705 | Shoals:1 | Reached skill level 10 in Invocations
 40614 | Shoals:1 | Reached XP level 18. HP: 177/192 MP: 26/26
 41044 | Shoals:1 | Reached skill level 15 in Fighting
 41157 | Shoals:2 | Reached skill level 18 in Axes
 41403 | Shoals:1 | Identified the amulet "Laotom" {Spirit Fragile Int+3}
 41867 | Slime:1  | Entered Level 1 of the Pits of Slime
 42411 | Snake:2  | Found a runed translucent gate.
 42411 | Snake:2  | Found a runed translucent gate.
 42434 | Snake:2  | Found a runed translucent gate.
 43873 | Snake:3  | Identified the -2 hat of Jij Dada {rN+} (Okawaru gifted it
                  | to you on level 3 of the Snake Pit)
 43873 | Snake:3  | Received a gift from Okawaru
 45131 | Shoals:2 | Learned a level 2 spell: Blink
 45135 | Shoals:2 | Learned a level 3 spell: Portal Projectile
 45477 | Shoals:2 | Reached skill level 10 in Armour
 46389 | Shoals:3 | Identified the +1 chain mail of Nempal {rN+ Dex+2}
 46404 | Shoals:3 | Found a runed translucent gate.
 46503 | Shoals:3 | Found Aprucit's One-of-a-Kind Rings.
 46558 | Shoals:3 | Found a runed translucent gate.
 46559 | Shoals:3 | Found a runed translucent gate.
 47140 | Shoals:3 | Noticed Bai Suzhen
 47164 | Shoals:3 | Killed Bai Suzhen
 47476 | Snake:4  | Entered Level 4 of the Snake Pit
 47607 | Snake:4  | Noticed koil's ghost (adept TrBe)
 48005 | D:5      | Killed Duvessa
 48010 | D:5      | Killed Dowan
 48261 | D:10     | Noticed Fannar
 48264 | D:10     | Killed Fannar
 48337 | D:10     | Killed Snorg
 48483 | D:14     | Received a gift from Okawaru
 48632 | Depths:1 | Entered Level 1 of the Depths
 48648 | Depths:1 | Reached skill level 19 in Axes
 48658 | Depths:1 | Reached XP level 19. HP: 157/204 MP: 21/27
 48812 | Depths:1 | Received a gift from Okawaru
 49648 | Depths:1 | Found a one-way gate leading to the halls of Pandemonium.
 49676 | Depths:1 | Found a gateway to Hell.
 49997 | Depths:1 | Received a gift from Okawaru
 50470 | Depths:1 | Received a gift from Okawaru
 50470 | Depths:1 | Found the +3 robe of Clouds {*Thunder rCloud rElec}
 50621 | Depths:1 | Found a transporter.
 50621 | Depths:1 | Identified the +4 great mace of Vuischal {vorpal, *Rage
                  | rN+++ Will- Int+5}
 50622 | Depths:1 | Noticed Ydiegh's ghost (veteran SpVM)
 51033 | Snake:2  | Killed BlueFish's ghost
 51045 | Snake:2  | Identified the amulet of the Assorted Wishes {Faith Int+3}
 51139 | Snake:4  | Found a transporter.
 51148 | Snake:4  | Found a transporter.
 51160 | Snake:4  | Reached skill level 10 in Throwing
 52780 | Snake:4  | Reached skill level 20 in Axes
 53026 | Snake:4  | Noticed Vashnia
 53428 | Shoals:4 | Entered Level 4 of the Shoals
 53428 | Shoals:4 | Noticed Ilsuiw
 53754 | Shoals:4 | Noticed Polyphemus
 53758 | Shoals:4 | Paralysed by a centaur for 4 turns
 54502 | Elf:1    | Found a runed translucent door.
 54518 | Elf:1    | Found a runed translucent door.
 54950 | Elf:1    | Noticed Kirke
 54953 | Elf:1    | Received a gift from Okawaru
 54956 | Elf:1    | Killed Kirke
 54957 | Elf:1    | Reached XP level 20. HP: 185/210 MP: 28/28
 54993 | Elf:1    | Noticed Nikola
 55005 | Elf:1    | Killed Nikola
 55455 | Elf:1    | Paralysed by an air elemental for 1 turns
 55458 | Elf:1    | Paralysed by an air elemental for 1 turns
 55461 | Elf:1    | Received a gift from Okawaru
 55464 | Elf:1    | Paralysed by an air elemental for 1 turns
 56388 | Elf:1    | Got the Codex of Toxicity and the Caves
 56863 | Elf:2    | Reached skill level 1 in Hexes
 56993 | Elf:2    | Received a gift from Okawaru
 57577 | Elf:2    | Found a runed translucent gate.
 57577 | Elf:2    | Found a runed translucent gate.
 57578 | Elf:2    | Found a runed translucent gate.
 57742 | Elf:3    | Entered Level 3 of the Elven Halls
 57743 | Elf:3    | Acquired the ring of Bokuogre {Fly rElec rPois rF+ Int+6}
 58072 | Elf:3    | Found Kosk's General Store.
 58116 | Elf:3    | Bought a book of Lightning for 684 gold pieces
 58120 | Elf:3    | Learned a level 3 spell: Vhi's Electric Charge
 59141 | Depths:2 | Acquired the amulet "Edumoaj" {rC- rN+++ Regen+ MP+9 Str-3}
 59245 | Depths:2 | Found Warenn's Distillery.
 59262 | Depths:2 | Found a shadowy altar of Dithmenos.
 59279 | Depths:2 | Found Itun's Armour Boutique.
 60245 | Snake:4  | Killed Vashnia
 60492 | Snake:4  | Got a serpentine rune of Zot
 60818 | Vaults:1 | Entered Level 1 of the Vaults
 60867 | Vaults:1 | Reached skill level 21 in Axes
 61554 | Vaults:1 | Got Sif Muna's Almanac of the Tesseract and Conflagration
 62169 | Vaults:1 | Received a gift from Okawaru
 62726 | Vaults:1 | Reached XP level 21. HP: 214/231 MP: 25/29
 62729 | Vaults:1 | Received a gift from Okawaru
 63418 | Vaults:2 | Found a magical portal.
 63426 | WizLab   | Entered The Roulette of Golubria
 63426 | WizLab   | Found a transporter.
 63461 | WizLab   | Found a transporter.
 63526 | WizLab   | Found a transporter.
 63651 | WizLab   | Found a transporter.
 63652 | WizLab   | Found a transporter.
 63722 | WizLab   | Found a transporter.
 63756 | WizLab   | Found a corrupted altar of Lugonu.
 63765 | WizLab   | Found a transporter.
 63781 | WizLab   | Found a transporter.
 63836 | WizLab   | Found a transporter.
 63889 | WizLab   | Found a transporter.
 63960 | WizLab   | Found a transporter.
 64059 | WizLab   | Found a transporter.
 64116 | WizLab   | Got the Precepts of Translocation
 64123 | WizLab   | Learned a level 4 spell: Manifold Assault
 64131 | WizLab   | Found a transporter.
 64131 | WizLab   | Found a transporter.
 64144 | WizLab   | Received a gift from Okawaru
 64292 | WizLab   | Found a transporter.
 64352 | WizLab   | Found a transporter.
 64352 | WizLab   | Found a transporter.
 64374 | WizLab   | Found a corrupted altar of Lugonu.
 64396 | WizLab   | Found a transporter.
 64399 | WizLab   | Identified the +1 cloak "Tudej" {Dex+3}
 64405 | WizLab   | Found a transporter.
 64501 | Vaults:2 | Identified the +8 arbalest "Juexzuu" {speed, rElec MP+9
                  | Str+2 Int-4}
 64524 | Vaults:2 | Found a staircase to the Crypt.
 65375 | Vaults:2 | Reached skill level 5 in Hexes
 65379 | Vaults:2 | Identified the +2 robe of Mumblety Peg {rPois Dex+3 Stlth-}
                  | (Okawaru gifted it to you on level 2 of the Vaults)
 65379 | Vaults:2 | Received a gift from Okawaru
 65499 | Vaults:2 | Reached skill level 10 in Translocations
 65884 | Vaults:2 | Noticed a dread lich
 65892 | Vaults:2 | Killed a dread lich
 66184 | Vaults:2 | Reached skill level 22 in Axes
 66462 | Vaults:2 | Found the +7 Throatcutter {drain, coup de grace}
 67817 | Vaults:3 | Reached XP level 22. HP: 228/244 MP: 27/30
 68108 | Vaults:3 | Received a gift from Okawaru
 68624 | Vaults:3 | Found the +8 storm bow {elec, penet}
 69173 | Vaults:4 | Received a gift from Okawaru
 69410 | Vaults:4 | Found Xyinu's General Store.
 69865 | Vaults:4 | Received a gift from Okawaru
 72648 | Shoals:4 | Received a gift from Okawaru
 73154 | Shoals:4 | Killed Polyphemus
 73333 | Abyss:3  | Cast into level 3 of the Abyss (merfolk aquamancer)
 73365 | Shoals:4 | Escaped the Abyss
 73438 | Shoals:4 | Learned a level 4 spell: Passage of Golubria
 74200 | Shoals:4 | Noticed Mara
 74226 | Shoals:4 | Noticed KennySheep's illusion
 74227 | Shoals:4 | Killed Mara
 74440 | Shoals:4 | Killed Ilsuiw
 75111 | Shoals:4 | Got a barnacled rune of Zot
 75320 | Shoals:4 | Reached skill level 1 in Air Magic
 75370 | Shoals:4 | Identified the +0 hat of the Past {rPois Will+ Dex+2}
                  | (Okawaru gifted it to you on level 4 of the Shoals)
 75370 | Shoals:4 | Received a gift from Okawaru
 76222 | Elf:2    | Reached XP level 23. HP: 218/249 MP: 25/31
 76926 | Elf:3    | Identified the +10 great mace of the Spider Nest {drain,
                  | rPois SInv}
 76988 | Elf:3    | Identified the +10 long sword of Fedhas, Healing {venom,
                  | rElec}
 76990 | Elf:3    | Identified the ring of Cowardice {Will+ MP+9 Slay+3}
 77253 | Elf:3    | Identified the +8 morningstar "Apsijeh" {speed, Will- Str+5
                  | Dex+3}
 77613 | Elf:3    | Identified the +7 short sword of Res Nullius {distort, Fly}
 77814 | Elf:3    | Identified the +8 falchion of Intuition {vamp, Will+ Int+4}
 78057 | Elf:3    | Identified the +4 short sword of the Pillar {freeze, *Slow
                  | rN+ rCorr Str+4}
 78068 | Elf:3    | Reached skill level 15 in Throwing
 78230 | Elf:3    | Identified the ring "Bipti" {Fly Str+2 SInv}
 78533 | Depths:2 | Bought the +1 cloak of the Thistle {rPois Will+ Int+4} for
                  | 659 gold pieces
 78998 | Depths:2 | Learned a level 5 spell: Silence
 79118 | Depths:2 | Found a radiant altar of Vehumet.
 79118 | Depths:2 | Noticed Frederick
 79127 | Depths:2 | Killed Frederick
 79127 | Depths:2 | Received a gift from Okawaru
 79460 | Depths:2 | Identified the -2 kite shield "Ycwieh" {Dex+4}
 79465 | Depths:2 | Found the +3 pair of seven-league boots {Rampage+∞}
 79570 | Depths:2 | Identified the +1 ring mail "Kavvad" {rCorr}
 79584 | Depths:2 | Reached skill level 5 in Air Magic
 80700 | Depths:3 | Received a gift from Okawaru
 80891 | Depths:3 | Noticed a golden dragon
 80898 | Depths:3 | Killed a golden dragon
 80925 | Depths:3 | Received a gift from Okawaru
 81372 | Depths:3 | Received a gift from Okawaru
 81479 | Depths:3 | Found a one-way gate to the infinite horrors of the Abyss.
 81780 | Depths:3 | Reached XP level 24. HP: 219/239 MP: 31/31
 81879 | Depths:3 | You are sucked into a shaft and drop 1 floor!
 81879 | Depths:4 | Entered Level 4 of the Depths
 82021 | Depths:4 | Noticed Xtahua
 82030 | Depths:4 | Killed Xtahua
 82113 | Depths:4 | Found a one-way gateway to a ziggurat.
 82122 | Depths:4 | Received a gift from Okawaru
 82207 | Depths:4 | Identified the ring of Deiwnero {Ice Will+ Str+4 Dex+5}
 82207 | Depths:4 | Noticed Josephina
 82367 | Depths:4 | Received a gift from Okawaru
 82592 | Depths:4 | Killed Josephina
 82613 | Depths:4 | Noticed a juggernaut
 82620 | Depths:4 | Killed a juggernaut
 82774 | Depths:4 | Received a gift from Okawaru
 83417 | Depths:4 | Found a gate to the Realm of Zot.
 83695 | Depths:4 | Received a gift from Okawaru
 84099 | Depths:4 | Found an ornate altar of the Wu Jian Council.
 84353 | Depths:4 | Voluntarily entered the Abyss.
 84470 | Abyss:3  | Received a gift from Okawaru
 84636 | Abyss:3  | Gained mutation: You occasionally lose the ability to drink
                  | potions when taking damage. [a neqoxec]
 84646 | Abyss:3  | Gained mutation: Your magical capacity is low. (-10% MP) [a
                  | neqoxec]
 84831 | Abyss:3  | Received a gift from Okawaru
 84861 | Abyss:3  | Lost mutation: You occasionally lose the ability to drink
                  | potions when taking damage. [potion of mutation]
 84861 | Abyss:3  | Lost mutation: Your magical capacity is low. (-10% MP)
                  | [potion of mutation]
 84861 | Abyss:3  | Gained mutation: You are frail. (-10% HP) [potion of
                  | mutation]
 84861 | Abyss:3  | Gained mutation: Your mind is acute. (Int +4, Str/Dex -1)
                  | [potion of mutation]
 84861 | Abyss:3  | Gained mutation: You are partially covered in iridescent
                  | scales. (AC +2) [potion of mutation]
 84861 | Abyss:3  | Gained mutation: Your spells are a little harder to cast,
                  | but a little more powerful. [potion of mutation]
 84953 | Abyss:3  | Received a gift from Okawaru
 84999 | Abyss:3  | Found a transporter.
 85001 | Abyss:3  | Found a transporter.
 85002 | Abyss:3  | Got an abyssal rune of Zot
 85032 | Abyss:3  | Identified the +6 swamp dragon scales "Irupryfe" {Harm
                  | rPois rC+} (Okawaru gifted it to you on level 3 of the
                  | Abyss)
 85032 | Abyss:3  | Received a gift from Okawaru
 85217 | Abyss:3  | Gained mutation: Your magical capacity is low. (-10% MP) [a
                  | cacodemon]
 85289 | Abyss:3  | Reached XP level 25. HP: 114/248 MP: 16/28
 85327 | Depths:4 | Escaped the Abyss
 85589 | Zot:1    | Entered Level 1 of the Realm of Zot
 86818 | Zot:1    | Identified the +7 arbalest of Bloody Death {antimagic,
                  | rCorr Str+3 SInv}
 87113 | Zot:1    | Identified the +9 ring mail "Petaupsi" {rPois}
 87659 | Zot:1    | Upgraded the game from 0.30-a0-371-gad7725a93e to
                  | 0.30-a0-373-gd37427bb62
 87733 | Zot:2    | HP: 18/372 [quicksilver dragon (8)]
 87736 | Zot:2    | HP: 8/372 [poisoned by a green draconian monk]
 87739 | Zot:2    | HP: 2/372 [green draconian monk[a green draconian monk]
                  | (5)]
 87741 | Zot:2    | Slain by a green draconian monk

Illustrated notes

Levels and vault maps discovered:
D:1:      lemuel_arrival_broad_hall, layout_loops_ring
D:2:      layout_rooms, serial_shops, shop, minmay_tree_intersection,
          minmay_tetromino_t2
D:3:      layout_loops_ring
D:4:      corexii_shack_village, layout_loops_corners,
          mainiacjoe_overflow_24_doors, mainiacjoe_overflow_brackets,
          uniq_robin, uniq_menkaure
D:5:      layout_basic, zin_academy, nicolae_ossuary_entry_ruins,
          minmay_manual_monolith, uniq_eustachio, uniq_duvessa
D:6:      layout_basic, uniq_grinder, uniq_crazy_yiuf_cottage, uniq_edmund
D:7:      layout_rooms, minmay_temple_entry_large_hall, hangedman_decor_opposing
D:8:      layout_loops_cross, uniq_maggie
D:9:      layout_roguey, dpeg_oklobed_lair
D:10:     layout_cave_pools, hellmonk_ghost_happy_afterlife, uniq_snorg,
          uniq_fannar
D:11:     layout_gridville, zombieorc2_lemuel, portal_ice_cave_demonic_guard,
          led_xom_imps
D:12:     layout_grid_maze, minmay_diamond_spiral
D:13:     layout_roguey, uniq_jorgrun
D:14:     layout_roguey [special_room_orc], lightli_vaults_fourway_checkpoint,
          serial_park_tiny_1
D:15:     hangedman_depths_entry_try_elsewhere_first, layout_layer_cave,
          roderic_lattice_octagonal_star
Temple:   nicolae_temple_bog_church
Lair:1:   layout_roguey
Lair:2:   layout_long_grid, guppyfry_snake_entry_garden, serial_forest,
          infiniplex_forest_straight_2, infiniplex_forest_diagonal,
          infiniplex_forest_lined_ring, infiniplex_forest_diagonal,
          infiniplex_forest_lined_3, infiniplex_forest_zigzag_1,
          infiniplex_forest_straight_3, infiniplex_forest_join,
          lemuel_oklob_altar
Lair:3:   layout_small_grid, minmay_shoals_entry_centaurs, grunt_megastairs_1,
          uniq_gastronok
Lair:4:   layout_misc_corridors, dpeg_slime_entry_enclosed,
          chequers_serial_rivers_micro_d, nzn_masters_of_martial_movement,
          infiniplex_staircase_pool, grunt_megastairs_4, serial_bayou_shore_a
Lair:5:   evilmike_catoblepas_cave, layout_regular_city, minivault_27
Shoals:1: layout_shoals, st_sunken_temple
Shoals:2: layout_shoals
Shoals:3: layout_shoals, nicolae_shop_unique_rings, nicolae_shoals_beach_cooler,
          uniq_bai_suzhen
Shoals:4: shoals_end_grunt_ice, layout_shoals, shoal_ilsuiw,
          hangedman_shoals_cup_caves, uniq_polyphemus, uniq_mara
Snake:1:  layout_gridlike, nicolae_integral_box
Snake:2:  layout_honeycomb, gammafunk_ghost_split, st_stairs_2, drop_trap,
          nicolae_shop_vocational, grunt_megastairs_3, uniq_aizul
Snake:3:  layout_onion, nicolae_snake_gridmaze_squiggle, nicolae_snake_omega
Snake:4:  johnstein_snake_rune_scales, layout_cave_pods, gammafunk_ghost_arena,
          hangedman_snake_wide_pillar_pass, uniq_vashnia
Slime:1:  layout_caves, nicolae_slime_ancient_tower_intersection
Orc:1:    layout_caves, basic_altar
Orc:2:    pubby_orc_utopia, uniq_donald
Elf:1:    nicolae_elf_arrival_dilemma, layout_gridlike, hangedman_elf_represent,
          einodemon_barbed_minivault, uniq_kirke, uniq_nikola
Elf:2:    nicolae_elf_blades_splatter_lattice [mumra_blade_entry_bloodbath],
          layout_loops_corners, serial_aquarium, aquarium_bridge_island_large
          [aquarium_subvault_large_water, aquarium_subvault_balcony,
          aquarium_subvault_balcony, aquarium_subvault_bridge,
          aquarium_subvault_wall], aquarium_window_corridor_3,
          aquarium_window_2, aquarium_view_2f
Elf:3:    minmay_elf_hall_curves, layout_loops_cross, serial_shops,
          nicolae_shop_statue_plus
Vaults:1: v_alt_pattern_1, hangedman_vaults_slither, hangedman_vaults_locks,
          grunt_vaults_hallway_long, hangedman_vaults_pinch,
          hangedman_vaults_stitches, ontoclasm_vaults_tryst,
          ontoclasm_vaults_hangar, vaults_room_pools,
          nicolae_vaults_little_squares_4, layout_vaults_ring
Vaults:2: mu_enter_wizlab_6, vaults_standard_mumra_enter_the_diamond, v_rooms_2,
          vaults_mumra_bighexcomb, ontoclasm_vaults_pinch,
          nicolae_vaults_mini_display_case, vaults_room_fours,
          vaults_dpeg_encased_lava, layout_vaults_quadrants,
          minmay_crypt_entry_simple_corners
Vaults:3: nicolae_vaults_little_squares_4, nicolae_vaults_triangles,
          grunt_vaults_hallway_short, nicolae_vaults_circle_grid_b, v_pattern_2,
          v_alt_pattern_1, nicolae_vaults_yaktaur_gun_rack,
          ontoclasm_vaults_ring_large, nicolae_vaults_ninety_degrees, v_misc_3,
          nicolae_vaults_network_s, vaults_room_pools, v_misc_25,
          layout_vaults_omnibox, uniq_margery
Vaults:4: ontoclasm_vaults_ring_square, ontoclasm_vaults_idyll,
          vaults_dpeg_diagonal, vaults_room_hangedman_quadrants,
          ontoclasm_vaults_ring_square, ontoclasm_vaults_ring_square,
          vaults_room_corners, v_misc_17, v_rooms_3, vaults_room_corners,
          layout_vaults_chaotic_city, serial_shops, nicolae_square_shop
Depths:1: layout_gridville, gammafunk_ghost_smash, grunt_pan_entry_in_and_out,
          pf_vacation_house_of_asmodeus, kennysheep_cluttered_room,
          minmay_misc_feat_rugged, kennysheep_generic_room_4
Depths:2: evilmike_halls_of_destruction, layout_long_grid,
          rand_demon_pan_entry_8, nicolae_dithmenos_the_darkroom, serial_shops,
          shop, nicolae_square_shop, hell_entry
Depths:3: kennysheep_snake, layout_cave_pools, serial_bayou_pond_c, abyss_entry,
          serial_sigils, serial_sigils_hangedman_gut,
          serial_sigils_hangedman_clutch, serial_sigils_hangedman_snap,
          serial_sigils_hangedman_carve, hell_entry, rand_demon_pan_entry_5,
          minmay_pinched_square
Depths:4: evilmike_zot_entry_argh, layout_gridlike, enter_ziggurat_c,
          abyss_entry, pf_hell_entry_tar_river, minmay_misc_feat_nine_boxes,
          nzn_wu_jian_contemplation, uniq_xtahua, uniq_josephina
Zot:1:    layout_twisted_circle
Zot:2:    layout_onion_interference, ebering_ghost_xom

Skill      XL: |  1  2  3  4  5  6  7  8  9 10 11 12 13 14 15 16 17 18 19 20 21 22 23 24 25 |
---------------+----------------------------------------------------------------------------+-----
Translocations | 1 2 3 4 5 6 7 9 10 11 12 | 12.6
Conjurations   | 4 5 6 7 9 |  9.3
Spellcasting   | 3 4 5 |  5.6
Fighting       | 1 3 5 7 9 10 11 12 13 14 16 17 18 19 20 | 20.9
Dodging        | 2 3 5 6 7 8 |  8.5
Unarmed Combat | 1 3 |  3.4
Transmutations | 1 3 |  3.4
Axes           | 3 6 9 13 14 16 17 19 20 21 22 | 22.8
Invocations    | 4 6 8 9 10 | 10.3
Armour         | 2 5 7 9 10 11 12 13 | 13.9
Throwing       | 1 4 7 9 10 11 12 14 16 20 21 | 21.1
Stealth        | 2 |  2.8
Hexes          | 3 6 7 |  7.7
Air Magic      | 2 5 7 |  7.3

Action                   |  1- 3 |  4- 6 |  7- 9 | 10-12 | 13-15 | 16-18 | 19-21 | 22-24 | 25-27 || total
-------------------------+-------+-------+-------+-------+-------+-------+-------+-------+-------++-------
Melee: Club              |     1 |       |       |       |       |       |       |       |       ||     1
       Trident           |       |       |    28 |       |       |       |       |       |       ||    28
       Battleaxe         |       |       |    34 |    14 |       |       |       |       |       ||    48
       Punch             |       |       |     2 |       |       |       |       |       |       ||     2
       Lochaber axe      |       |       |       |   268 |   481 |  1325 |  1372 |  1463 |   146 ||  5055
Throw: Large rock        |       |       |       |       |       |    65 |    52 |   266 |    15 ||   398
       Dart              |       |       |       |       |       |       |       |     1 |       ||     1
 Cast: Magic Dart        |    68 |    19 |    26 |     1 |       |       |       |       |       ||   114
       Searing Ray       |     6 |    15 |    32 |     3 |     5 |       |       |       |       ||    61
       Iskenderun's Myst |       |     2 |    79 |   140 |    91 |    35 |     1 |       |     2 ||   350
       Portal Projectile |       |       |       |       |       |     3 |     6 |    20 |     2 ||    31
       Manifold Assault  |       |       |       |       |       |       |     8 |    64 |       ||    72
       Vhi's Electric Ch |       |       |       |       |       |       |       |    11 |       ||    11
       Blink             |       |       |       |       |       |       |       |     3 |       ||     3
Invok: Heroism           |       |       |       |     2 |     4 |    21 |    18 |     9 |     2 ||    56
       Finesse           |       |       |       |       |     2 |    10 |     6 |    11 |     3 ||    32
Evoke: Wand              |       |       |       |     2 |     7 |     1 |       |     6 |       ||    16
  Use: Scroll            |     5 |     5 |     4 |    14 |     4 |     4 |     7 |    14 |     9 ||    66
       Potion            |     1 |     1 |     3 |     5 |     7 |    10 |     2 |    10 |     4 ||    43
 Stab: Sleeping          |       |       |     3 |     7 |     3 |    45 |    15 |    10 |     3 ||    86
       Distracted        |       |       |       |       |       |       |     5 |     5 |       ||    10
Armor: Robe              |     4 |     3 |    37 |       |       |       |       |       |       ||    44
       Steam dragon scal |       |       |       |   180 |   185 |       |       |       |       ||   365
       Shadow dragon sca |       |       |       |       |    86 |   953 |   809 |   803 |   161 ||  2812
Dodge: Dodged            |     6 |     2 |    69 |   256 |   226 |   499 |   472 |   287 |    68 ||  1885

Table legend: (Time is in decaauts)
 A = Elapsed time spent in this place.
 B = Non-inter-level travel time spent in this place.
 C = Inter-level travel time spent in this place.
 D = Time resting spent in this place.
 E = Time spent auto-exploring this place.
 F = Levels seen in this place.
 G = Mean time per level.
                   A        B        C        D        E       F      G
               +--------+--------+--------+--------+--------+-----+--------+
         Total |  88232 |  80372 |   7860 |  25654 |  40668 |  50 | 1764.6 |
       Dungeon |  21153 |  18296 |   2857 |   5049 |  10306 |  15 | 1410.2 |
        Temple |    214 |    175 |     39 |      0 |    155 |   1 |  214.0 |
          Lair |  11381 |   9865 |   1516 |   4687 |   3450 |   5 | 2276.2 |
        Shoals |  10711 |  10056 |    655 |   3048 |   5449 |   4 | 2677.8 |
     Snake Pit |   9844 |   9040 |    804 |   3431 |   4218 |   4 | 2461.0 |
    Slime Pits |      1 |      1 |      0 |      0 |      0 |   1 |    1.0 |
  Orcish Mines |   3515 |   3005 |    510 |    940 |   1432 |   2 | 1757.5 |
   Elven Halls |   7173 |   6670 |    503 |   2215 |   3300 |   3 | 2391.0 |
        Vaults |   8903 |   8661 |    242 |   1260 |   6262 |   4 | 2225.8 |
        Depths |   9109 |   8426 |    683 |   2984 |   3793 |   4 | 2277.2 |
           Zot |   2094 |   2046 |     48 |    808 |   1018 |   2 | 1047.0 |
         Abyss |    947 |    947 |      0 |    151 |    126 |   2 |  473.5 |
       Ossuary |    431 |    431 |      0 |    278 |     18 |   1 |  431.0 |
      Ice Cave |   1715 |   1715 |      0 |    680 |    681 |   1 | 1715.0 |
        Wizlab |   1034 |   1034 |      0 |    119 |    458 |   1 | 1034.0 |
               +--------+--------+--------+--------+--------+-----+--------+

Top non-repeatable levels by time:
Shoals:1: 3474 daAuts
  Lair:5: 3197 daAuts
 Snake:1: 2930 daAuts
   Orc:2: 2822 daAuts
  Lair:2: 2821 daAuts
Shoals:4: 2788 daAuts
    D:15: 2775 daAuts
Depths:4: 2753 daAuts
   Elf:3: 2745 daAuts
 Snake:4: 2733 daAuts
Vaults:3: 2602 daAuts
Depths:2: 2528 daAuts
   Elf:1: 2402 daAuts
Vaults:2: 2400 daAuts
Vaults:1: 2324 daAuts
